 Dungeon Crawl Stone Soup version 0.21.1-1-g345015f (webtiles) character file.

400 tidbits the Digger (level 6, -8/44 HPs)
             Began as a Gnoll Earth Elementalist on June 6, 2018.
             Mangled by an orc warrior
             ... wielding a +0 trident
              (20 damage)
             ... on level 6 of the Dungeon.
             The game lasted 00:14:54 (1224 turns).

tidbits the Digger (Gnoll Earth Elementalist)       Turns: 1224, Time: 00:14:55

Health: -8/44      AC:  5    Str: 13    XL:     6   Next: 84%
Magic:  14/14      EV: 21    Int: 24    God:
Gold:   202        SH:  0    Dex: 20    Spells: 9/15 levels left

rFire    . . .     SeeInvis .   a - +2 dagger (protect)
rCold    . . .     Gourm    .   (no shield)
rNeg     . . .     Faith    +   c - +0 robe
rPois    .         Spirit   .   (no helmet)
rElec    .         Reflect  .   (no cloak)
rCorr    .         Harm     .   (no gloves)
MR       .....                  F - +2 pair of boots
Stlth    ++........             p - amulet of faith
HPRegen  0.14/turn              Y - +5 ring of slaying
MPRegen  0.14/turn              k - -3 ring of strength (curse)

@: confused, mighty, brilliant, agile, lethally poisoned (-8 -> -10)
A: distributed training, fangs 1, strong nose
a: no special abilities


You were on level 6 of the Dungeon.
You were not hungry.

You visited 1 branch of the dungeon, and saw 6 of its levels.
You also visited: Sewer.

You collected 202 gold pieces.

Inventory:

Hand Weapons
 a - a +2 dagger of protection (weapon)
   (You took it off a kobold on level 3 of the Dungeon)
 s - a +0 dagger
 w - a +0 rapier
 x - a +2 whip of electrocution
   (You found it on level 5 of the Dungeon)
 z - a +0 vampiric dagger
   (You found it on level 5 of the Dungeon)
 C - a +0 dagger
Missiles
 b - 82 stones (quivered)
 j - 38 arrows
Armour
 c - a +0 robe (worn)
 m - a +0 shield
 t - a +0 buckler
 F - a +2 pair of boots (worn)
Jewellery
 k - a cursed -3 ring of strength (right hand)
   (You found it on level 6 of the Dungeon)
 p - an amulet of faith (around neck)
   (You found it on level 3 of the Dungeon)
 Y - a +5 ring of slaying (left hand)
   (You found it on level 1 of the Dungeon)
Wands
 v - a wand of flame (47)
Scrolls
 f - 2 scrolls of immolation {unknown}
 g - 2 scrolls of magic mapping {unknown}
 h - a scroll of noise {unknown}
 i - a scroll of amnesia
 l - a scroll of fear {unknown}
 q - a scroll of random uselessness
 r - 4 scrolls of remove curse
 u - a scroll of enchant weapon
 y - 3 scrolls of teleportation
Potions
 n - 3 potions of brilliance
 o - a potion of might
Books
 e - a book of Geomancy

   Spells                             Type                      Level
   a - Sandblast                      Earth                        1
   b - Passwall                       Transmutation/Earth          2
   c - Stone Arrow                    Conjuration/Earth            3
   d - Petrify                        Transmutation/Earth          4
   e - Lee's Rapid Deconstruction     Earth                        5
Comestibles
 d - 10 rations


   Skills:
 + Level 2.1 Fighting
 + Level 2.1 Short Blades
 + Level 2.1 Long Blades
 + Level 2.1 Axes
 + Level 2.1 Maces & Flails
 + Level 2.1 Polearms
 + Level 2.1 Staves
 + Level 2.1 Slings
 + Level 2.1 Bows
 + Level 2.1 Crossbows
 + Level 2.1 Throwing
 + Level 2.1 Armour
 + Level 5.0 Dodging
 + Level 4.7 Stealth
 + Level 2.1 Shields
 + Level 2.1 Unarmed Combat
 + Level 5.4 Spellcasting
 + Level 1.6 Conjurations
 + Level 1.6 Hexes
 + Level 1.6 Charms
 + Level 1.6 Summonings
 + Level 1.6 Necromancy
 + Level 1.6 Translocations
 + Level 2.7 Transmutations
 + Level 1.6 Fire Magic
 + Level 1.6 Ice Magic
 + Level 1.6 Air Magic
 + Level 5.7 Earth Magic
 + Level 1.6 Poison Magic
 + Level 2.3 Invocations
 + Level 2.1 Evocations


You had 9 spell levels left.
You knew the following spells:

 Your Spells              Type           Power        Failure   Level  Hunger
a - Sandblast             Erth           #####.       1%          1    None
j - Stone Arrow           Conj/Erth      #####.       1%          3    #......
p - Passwall              Tmut/Erth      #####.....   1%          2    None


Dungeon Overview and Level Annotations

Branches:
Dungeon (6/15)
 Temple: D:4-7

Altars:

Annotations:
D:5 2 transporters


Innate Abilities, Weirdness & Mutations

Your experience applies equally to all skills.
You have very sharp teeth.
Your uncanny sense of smell can sniff out nearby items.


Message History

Okay, then.
Unknown command.
As you read the scroll labeled HUQOMM FONGU, it crumbles to dust.
It is a scroll of identify.
u - a scroll of enchant weapon
As you read the scroll of identify, it crumbles to dust.
y - 3 scrolls of teleportation
As you read the scroll of identify, it crumbles to dust.
q - a scroll of random uselessness You enter the shallow water.
Moving in this stuff is going to be slow.
Casting: Sandblast
Confirm with . or Enter, or press ? or * to list all spells.
Which direction?
You begin to meditate on the wall.
You continue meditating on the rock. x3
You finish merging with the rock.
There is a stone staircase leading down here.
You climb downwards.
There is a stone staircase leading up here.
Unknown command.
Found a tourmaline ring.
You see here a tourmaline ring.
k - a tourmaline ring Put on which piece of jewellery? (? for menu, Esc to quit)
You feel weaker.
Oops, that ring feels deathly cold.
k - a cursed -3 ring of strength (right hand)
Found a viscous black potion.
You see here a viscous black potion.
B - a viscous black potion
Casting: Passwall
Confirm with . or Enter, or press ? or * to list all spells.
Which direction?
You begin to meditate on the wall.
You continue meditating on the rock. x2
You finish merging with the rock.
Found 20 gold pieces.
You now have 202 gold pieces (gained 20).
Casting: Passwall
Confirm with . or Enter, or press ? or * to list all spells.
Which direction?
You begin to meditate on the wall.
You continue meditating on the rock. x2
You finish merging with the rock.
Found four items.
An orc warrior comes into view. It is wielding a trident.
C - a dagger A worker ant and 2 orc wizards come into view.
The worker ant twitches its antennae in your direction.
The helpless orc wizard fails to defend itself.
You impale the orc wizard!!
Your weapon exudes an aura of protection.
You kill the orc wizard!
The orc wizard shouts!
Casting: Passwall
Confirm with . or Enter, or press ? or * to list all spells.
Aiming: Sandblast
Press: ? - help, Shift-Dir - straight line, f - orc wizard
Aim: an orc wizard, wielding a dagger and wearing a robe The blast of sand hits the orc wizard.
b - 83 stones The orc warrior shouts!
Okay, then.
Unknown command.
Casting: Sandblast
Confirm with . or Enter, or press ? or * to list all spells.
Aiming: Sandblast
Press: ? - help, Shift-Dir - straight line, f/p - orc wizard
Aim: an orc wizard, wielding a dagger and wearing a robe The blast of sand hits the orc wizard.
The orc wizard is severely wounded.
b - 82 stones The orc wizard casts a spell at you.
You are confused.
The orc warrior hits you from afar with a trident.
It was a potion of brilliance.
You feel clever all of a sudden. The orc wizard casts a spell at you.
You are more confused.
The worker ant bites you.
You are poisoned.
The worker ant poisons you! The orc warrior closely misses you.
It was a potion of might.
You feel very mighty all of a sudden.
You feel sick. The orc wizard completely misses you.
The worker ant closely misses you.
The orc warrior hits you from afar with a trident!!
* * * LOW HITPOINT WARNING * * *
It was a potion of magic.
Magic courses through your body.
The orc wizard hits you but does no damage.
The worker ant misses you.
It was a potion of agility.
You feel agile all of a sudden.
You feel sick. The orc warrior closely misses you.
The worker ant closely misses you.
The orc wizard gestures at you while chanting.
The magic dart hits you!
* * * LOW HITPOINT WARNING * * *
Unknown command.
You bump into the rock wall.
The worker ant misses you.
The orc warrior hits you from afar with a trident!!
You die...

#...#.# #=.#?.# . .#?..#
.. ##....# ######
...#.....# # #.....
..#..#...# .. ##.#.#.
.#....#..# ####.##.#...
#.....a#.# #..........#
.....oo@.####.##.##.....
##########.......##.....
####.######.#..
#.......###.###
#.##.##.#.....# #
#.##.#.....#
#.##.#.....#
#.##.#.....#
.....#.....#


You could see an orc warrior, a worker ant and an orc wizard.

Vanquished Creatures
  A bullfrog (D:5)
  A crimson imp (D:5)
  An iguana (D:5)
  2 orc wizards
  A worker ant (D:4)
  A hound skeleton (D:5)
  7 adders
  6 river rats (Sewer)
  A worm (D:5)
  A dart slug (D:1)
  A leopard gecko (D:1)
  2 orcs (D:3)
  6 ball pythons
  2 bats
  3 giant cockroaches
  4 goblins
  3 hobgoblins
  5 jackals
  4 kobolds
  3 quokkas
  8 frilled lizards
  A jackal skeleton (D:5)
  A leopard gecko skeleton (D:4)
  14 rats
79 creatures vanquished.

Notes
Turn   | Place    | Note
-------+----------+-------------------------------------------
     0 | D:1      | tidbits the Gnoll Earth Elementalist began the quest for the Orb.
     0 | D:1      | Reached XP level 1. HP: 13/13 MP: 6/6
   137 | D:1      | Reached skill level 2 in Transmutations
   203 | D:2      | Reached XP level 2. HP: 18/20 MP: 7/7
   220 | D:2      | Learned a level 2 spell: Passwall
   229 | D:2      | Reached skill level 5 in Spellcasting
   229 | D:2      | Reached XP level 3. HP: 25/25 MP: 5/9
   234 | D:2      | Reached skill level 1 in Invocations
   254 | D:1      | HP: 2/25 [poisoned by an adder]
   262 | D:1      | HP: 1/25 [poisoned by an adder]
   288 | D:1      | Reached skill level 1 in Fighting
   288 | D:1      | Reached skill level 1 in Short Blades
   288 | D:1      | Reached skill level 1 in Long Blades
   288 | D:1      | Reached skill level 1 in Axes
   288 | D:1      | Reached skill level 1 in Maces & Flails
   288 | D:1      | Reached skill level 1 in Polearms
   288 | D:1      | Reached skill level 1 in Staves
   288 | D:1      | Reached skill level 1 in Slings
   288 | D:1      | Reached skill level 1 in Bows
   288 | D:1      | Reached skill level 1 in Crossbows
   288 | D:1      | Reached skill level 1 in Throwing
   288 | D:1      | Reached skill level 1 in Armour
   288 | D:1      | Reached skill level 1 in Shields
   288 | D:1      | Reached skill level 1 in Unarmed Combat
   288 | D:1      | Reached skill level 1 in Evocations
   333 | D:2      | Learned a level 3 spell: Stone Arrow
   337 | D:2      | Reached XP level 4. HP: 9/32 MP: 0/11
   557 | D:3      | Reached skill level 1 in Conjurations
   557 | D:3      | Reached skill level 1 in Hexes
   557 | D:3      | Reached skill level 1 in Charms
   557 | D:3      | Reached skill level 1 in Summonings
   557 | D:3      | Reached skill level 1 in Necromancy
   557 | D:3      | Reached skill level 1 in Translocations
   557 | D:3      | Reached skill level 1 in Fire Magic
   557 | D:3      | Reached skill level 1 in Ice Magic
   557 | D:3      | Reached skill level 1 in Air Magic
   557 | D:3      | Reached skill level 1 in Poison Magic
   557 | D:3      | Reached XP level 5. HP: 30/37 MP: 4/12
   631 | D:5      | Entered Level 5 of the Dungeon
   650 | D:5      | Found a transporter.
   726 | D:5      | Found a transporter.
   759 | D:5      | Reached skill level 2 in Invocations
   759 | D:5      | Reached XP level 6. HP: 41/44 MP: 10/13
   870 | D:5      | Found a glowing drain.
   909 | Sewer    | Entered a sewer
   983 | Sewer    | Reached skill level 5 in Dodging
   993 | Sewer    | Reached skill level 2 in Fighting
   993 | Sewer    | Reached skill level 2 in Short Blades
   993 | Sewer    | Reached skill level 2 in Long Blades
   993 | Sewer    | Reached skill level 2 in Axes
   993 | Sewer    | Reached skill level 2 in Maces & Flails
   993 | Sewer    | Reached skill level 2 in Polearms
   993 | Sewer    | Reached skill level 2 in Staves
   993 | Sewer    | Reached skill level 2 in Slings
   993 | Sewer    | Reached skill level 2 in Bows
   993 | Sewer    | Reached skill level 2 in Crossbows
   993 | Sewer    | Reached skill level 2 in Throwing
   993 | Sewer    | Reached skill level 2 in Armour
   993 | Sewer    | Reached skill level 2 in Shields
   993 | Sewer    | Reached skill level 2 in Unarmed Combat
   993 | Sewer    | Reached skill level 2 in Evocations
  1215 | D:6      | Noticed an orc warrior
  1224 | D:6      | Mangled by an orc warrior

Skill      XL: |  1  2  3  4  5  6 |
---------------+-------------------+-----
Transmutations | 2 |  2.7
Spellcasting   | 5 |  5.4
Invocations    | 1 2 |  2.3
Fighting       | 1 2 |  2.1
Short Blades   | 1 2 |  2.1
Long Blades    | 1 2 |  2.1
Axes           | 1 2 |  2.1
Maces & Flails | 1 2 |  2.1
Polearms       | 1 2 |  2.1
Staves         | 1 2 |  2.1
Slings         | 1 2 |  2.1
Bows           | 1 2 |  2.1
Crossbows      | 1 2 |  2.1
Throwing       | 1 2 |  2.1
Armour         | 1 2 |  2.1
Shields        | 1 2 |  2.1
Unarmed Combat | 1 2 |  2.1
Evocations     | 1 2 |  2.1
Conjurations   | 1 |  1.6
Hexes          | 1 |  1.6
Charms         | 1 |  1.6
Summonings     | 1 |  1.6
Necromancy     | 1 |  1.6
Translocations | 1 |  1.6
Fire Magic     | 1 |  1.6
Ice Magic      | 1 |  1.6
Air Magic      | 1 |  1.6
Poison Magic   | 1 |  1.6
Dodging        | 5 |  5.0
Stealth        | |  4.7
Earth Magic    | |  5.7

Action                   |  1- 3 |  4- 6 || total
-------------------------+-------+-------++-------
Melee: Unarmed           |     4 |       ||     4
       Dagger            |     7 |    80 ||    87
       Bite              |     1 |     5 ||     6
 Cast: Sandblast         |    16 |    48 ||    64
       Passwall          |     2 |     9 ||    11
  Use: Scroll            |       |     5 ||     5
       Potion            |       |     4 ||     4
 Stab: Sleeping          |     6 |     9 ||    15
  Eat: Chunk             |       |     1 ||     1
Armor: Robe              |     1 |    26 ||    27
Dodge: Dodged            |     6 |    57 ||    63

Table legend:
 A = Turns spent in this place as a percentage of turns spent in the entire game.
 B = Non-inter-level travel turns spent in this place as a percentage of non-inter-level travel turns spent in the entire game.
 C = Inter-level travel turns spent in this place as a percentage of turns spent in this place.
 D = Turns resting spent in this place as a percentage of non-inter-level travel turns spent in this place.
 E = Turns spent auto-exploring this place as a percentage of non-inter-level travel turns spent in this place.
 F = Non-inter-level travel turns spent in this place divided by the number of levels of this place that you've seen.
                   A       B       C       D       E      F
               +-------+-------+-------+-------+-------+----------------------
         Total | 100.0 | 100.0 |   1.9 |   0.0 |   0.0 | 171.6
       Dungeon |  79.7 |  79.3 |   2.4 |   0.0 |   0.0 | 158.7
         Sewer |  20.3 |  20.7 |   0.0 |   0.0 |   0.0 | 249.0
               +-------+-------+-------+-------+-------+----------------------

Table legend:
 A = Kills in this place as a percentage of kills in entire the game.
 B = Kills by you in this place as a percentage of kills by you in the entire game.
 C = Kills by friends in this place as a percentage of kills by friends in the entire game.
 D = Other kills in this place as a percentage of other kills in the entire game.
 E = Experience gained in this place as a percentage of experience gained in the entire game.
 F = Experience gained in this place divided by the number of levels of this place that you have seen.
                   A       B       C       D       E      F
               +-------+-------+-------+-------+-------+----------------------
         Total | 100.0 | 100.0 |   N/A |   N/A | 100.0 |  81.7
       Dungeon |  70.9 |  70.9 |   N/A |   N/A |  82.9 |  79.0
         Sewer |  29.1 |  29.1 |   N/A |   N/A |  17.1 |  98.0
               +-------+-------+-------+-------+-------+----------------------

Vault maps used:
D:1:      nzn_arrival_depleted_hourglass, minivault_14
D:2:      led_sif_pool, first_ration
D:4:      minmay_temple_entry_poolview, uniq_crazy_yiuf_cottage
D:5:      gammafunk_cloud_chamber, portal_sewer_entry_a
D:6:      lemuel_round_altar, serial_shops, shop,
          hangedman_abyss_or_decor_lesser_grid, hangedman_decor_slide_cut
Sewer:    sewer_co_cracked_pipes
